 Dungeon Crawl Stone Soup version 0.19.0-11-g3fc08b3 (webtiles) character file.

340 Joat the Skirmisher (level 6, 0/52 HPs)
             Began as a Draconian Transmuter on Nov 9, 2016.
             Slain by a gnoll
             ... wielding a +0 halberd
              (12 damage)
             ... on level 3 of the Dungeon.
             The game lasted 00:19:08 (4478 turns).

Joat the Skirmisher (Draconian Transmuter)          Turns: 4478, Time: 00:19:09

Health: 0/52       AC:  6    Str: 12    XL:     6   Next: 30%
Magic:  7/9        EV: 13    Int: 16    God:
Gold:   164        SH:  2    Dex: 11    Spells: 2 memorised, 6 levels left

rFire  . . .     SeeInvis .     v - +2 short sword (elec)
rCold  . . .     Gourm    .     (armour unavailable)
rNeg   . . .     Faith    .     (no shield)
rPois  .         Spirit   .     (helmet restricted)
rElec  .         Reflect  +     (no cloak)
rCorr  .         Harm     .     (no gloves)
MR     .....                    (no boots)
Stlth  +.........               m - +2 amulet of reflection
                                (no ring)
                                (no ring)

@: no status effects
A: unfitting armour, cold-blooded, AC +6
a: no special abilities


You were on level 3 of the Dungeon.
You were hungry.

You visited 1 branch of the dungeon, and saw 3 of its levels.

You collected 164 gold pieces.

Inventory:

Hand Weapons
 t - a +1 short sword of venom
 v - a +2 short sword of electrocution (weapon)
Missiles
 a - 100 arrows
Jewellery
 m - a +2 amulet of reflection (around neck)
 r - an uncursed amulet of the gourmand
Scrolls
 e - 3 scrolls of remove curse
 g - 2 scrolls of random uselessness {unknown}
 i - a scroll of fear {unknown}
 k - 4 scrolls of identify {unknown}
 n - 2 scrolls of teleportation {unknown}
 o - 3 scrolls of recharging {unknown}
 p - a scroll of fog {unknown}
 q - a scroll of amnesia {unknown}
 s - a scroll of immolation {unknown}
Potions
 d - a potion of mutation {unknown}
 j - 2 potions of curing {unknown}
 l - 2 potions of agility {unknown}
 u - a potion of might {unknown}
 x - a potion of haste {unknown}
Books
 b - a book of Changes

   Spells                             Type                      Level
   a - Beastly Appendage              Transmutation                1
   b - Sticks to Snakes               Transmutation                2
   c - Spider Form                    Transmutation/Poison         3
   d - Ice Form                       Ice/Transmutation            4
   e - Blade Hands                    Transmutation                5
Comestibles
 c - 2 bread rations
 f - 2 beef jerkies
 h - 2 meat rations


   Skills:
 + Level 4.1 Fighting
 + Level 2.8 Dodging
 - Level 3.0 Unarmed Combat
 + Level 2.6 Spellcasting
 + Level 3.1 Transmutations
 - Level 3.1 Poison Magic


You had 6 spell levels left.
You knew the following spells:

 Your Spells              Type           Power        Failure   Level  Hunger
q - Beastly Appendage     Tmut           ##....       8%          1    #......
v - Spider Form           Tmut/Pois      ##........   17%         3    ###....


Dungeon Overview and Level Annotations

Branches:
Dungeon (3/15)

Altars:
Sif Muna
Vehumet


Innate Abilities, Weirdness & Mutations

Your plain brown scales are hard. (AC +6)
You cannot fit into any form of body armour.
You are cold-blooded and may be slowed by cold attacks.


Message History

Your transformation has ended.
Your +2 short sword of electrocution unmelds from your body.
You hear the crackle of electricity.
The big kobold barely misses you.
The hobgoblin hits you with a hunting sling.
The gnoll hits you from afar with a halberd!
* * * LOW HITPOINT WARNING * * *
You miss the big kobold.
The big kobold is heavily wounded.
The big kobold barely misses you. The hobgoblin closely misses you.
You completely miss the big kobold.
The big kobold is heavily wounded.
The gnoll barely misses you.
The big kobold hits you but does no damage.
You block the hobgoblin's attack.
You hit the big kobold.
There is a sudden explosion of sparks!
You kill the big kobold!
Your Fighting skill increases to level 4!
The gnoll hits you from afar with a halberd!
You die...

....#...####...#^.........# #.#
..####.......###..........# #.#
..###....##### #######.#### #.#
......#..######### #.# #[#
..#..##>.........# #.# #.#
#....##.....####..####.# #.#
.....##.###.## ...#..# #.#
.###......#..######.#.# #.#
..##...........)@gg...## #.#
.8.###....####<####<...# #.#
....###.#.......###†.#.## #.#
....# #.##.####....gg...## #.#
....###.##.......K..##...### #.##
.8.##......####............###..#
..###......#.....######.....###.#
.###(.(((..#......# ####.......
.##........#....#..# #.##....


You could see a gnoll and a hobgoblin.

Vanquished Creatures
  A big kobold (D:3)
  An orc wizard (D:3)
  7 gnolls
  4 adders
  6 worms
  A dart slug (D:1)
  3 leopard geckos
  5 orcs (D:3)
  5 giant cockroaches
  16 goblins
  16 hobgoblins
  12 jackals (D:2)
  11 kobolds
  4 quokkas
  4 bats
  3 frilled lizards
  10 rats
  A plant (D:2)
110 creatures vanquished.

Vanquished Creatures (others)
  2 goblins (D:3)
2 creatures vanquished.

Grand Total: 112 creatures vanquished

Notes
Turn   | Place    | Note
-------+----------+-------------------------------------------
     0 | D:1      | Joat the Draconian Transmuter began the quest for the Orb.
     0 | D:1      | Reached XP level 1. HP: 16/16 MP: 3/3
   404 | D:1      | Reached XP level 2. HP: 17/23 MP: 5/5
   603 | D:1      | Reached skill level 2 in Fighting
   705 | D:2      | Reached XP level 3. HP: 21/30 MP: 6/6
   710 | D:2      | Learned a level 3 spell: Spider Form
  1520 | D:2      | Reached skill level 1 in Poison Magic
  1907 | D:2      | Found a radiant altar of Vehumet.
  2109 | D:2      | Found a deep blue altar of Sif Muna.
  2167 | D:2      | Reached XP level 4. HP: 29/37 MP: 7/7
  3056 | D:2      | Reached skill level 3 in Fighting
  3064 | D:2      | Reached XP level 5. HP: 31/45 MP: 5/8
  4473 | D:3      | Reached XP level 6. HP: 34/52 MP: 6/9
  4478 | D:3      | Reached skill level 4 in Fighting
  4478 | D:3      | Slain by a gnoll

Skill      XL: |  1  2  3  4  5  6 |
---------------+-------------------+-----
Dodging        | 2 |  2.8
Fighting       | 2 3 4 |  4.1
Poison Magic   | 2 3 |  3.1
Transmutations | 3 |  3.1
Unarmed Combat | |  3.0
Spellcasting   | |  2.6

Action                   |  1- 3 |  4- 6 || total
-------------------------+-------+-------++-------
Melee: Unarmed           |    24 |    52 ||    76
       Tailslap          |    12 |    12 ||    24
       Whip              |     2 |       ||     2
       Dagger            |    30 |       ||    30
       Short sword       |   126 |   177 ||   303
       Punch             |     5 |     3 ||     8
       Kick              |       |     1 ||     1
       Headbutt          |       |     1 ||     1
 Cast: Spider Form       |       |     6 ||     6
       Beastly Appendage |       |     2 ||     2
  Use: Scroll            |     1 |       ||     1
 Stab: Sleeping          |       |     1 ||     1
  Eat: Chunk             |     5 |     8 ||    13
Armor: Skin              |    67 |    38 ||   105
Dodge: Dodged            |   120 |   191 ||   311
Block: Other             |     3 |    21 ||    24
       Reflection        |       |     6 ||     6
